 Dungeon Crawl Stone Soup version 0.18.1-1-g2f07953 (webtiles) character file.

107 ShiverMeTomatoes the Skirmisher (level 4, -3/40 HPs)
             Began as a Draconian Berserker on May 19, 2016.
             Was a Priest of Trog.
             Slain by an ogre
             ... wielding a +0 giant club
              (22 damage)
             ... on level 4 of the Dungeon.
             The game lasted 00:17:13 (2584 turns).

ShiverMeTomatoes the Skirmisher (DrBe)              Turns: 2584, Time: 00:17:13

Health: -3/40      AC:  5    Str: 20    XL:     4   Next: 56%
Magic:  4/4        EV: 13    Int:  8    God:    Trog [***...]
Gold:   196        SH:  0    Dex: 10    Spells: 0 memorised, 3 levels left

rFire  . . .     SeeInvis .     Q - -3 broad axe
rCold  . . .     Gourm    .     (armour unavailable)
rNeg   . . .     Faith    .     (no shield)
rPois  .         Spirit   .     (helmet restricted)
rElec  .         Dismiss  .     (no cloak)
rCorr  +         Reflect  .     (no gloves)
SustAt .         Harm     .     (no boots)
MR     .....                    (no amulet)
Stlth  +.........               (no ring)
                                n - ring of resist corrosion

@: not resistant to hostile enchantments, very unstealthy
A: unfitting armour, cold-blooded, AC +5
a: Berserk, Trog's Hand, Burn Spellbooks, Renounce Religion


You were on level 4 of the Dungeon.
You worshipped Trog.
Trog was most pleased with you.
You were not hungry.

You visited 1 branch of the dungeon, and saw 4 of its levels.

You collected 196 gold pieces.

Inventory:

Hand Weapons
 a - a +0 falchion
 d - a +0 hand axe
 e - a +0 mace
 i - a +0 spear
 o - a +0 mace of venom
 y - a +0 club
 C - a +0 spear of piercing
 E - a +0 mace
 F - a +0 club
 H - a +0 club
 L - a cursed -3 club
 N - a +0 whip
 O - a +0 dagger
 Q - a -3 broad axe (weapon)
Missiles
 f - 4 needles of sleeping
 j - 43 sling bullets
 p - 123 stones (quivered)
 s - 86 arrows
 u - 13 poisoned needles
 x - 5 javelins
 D - 17 bolts
Armour
 P - a +0 leather armour
Jewellery
 n - a ring of resist corrosion (left hand)
Wands
 v - a wand of iceblast (8/15)
Scrolls
 c - 2 scrolls of remove curse
 g - a scroll of fear {unknown}
 k - 3 scrolls of identify {unknown}
 l - a scroll of noise {unknown}
 t - a scroll of enchant armour {unknown}
 I - a scroll of recharging {unknown}
 J - 2 scrolls of teleportation {unknown}
 M - a scroll of fog {unknown}
Potions
 h - 2 potions of agility {unknown}
 m - a potion of magic {unknown}
 r - a potion of heal wounds {unknown}
 w - a potion of resistance {unknown}
 z - a potion of degeneration {unknown}
 K - a potion of curing
Comestibles
 b - 2 bread rations
 q - a royal jelly
 A - a beef jerky
 B - 2 fruits
 G - 3 meat rations


   Skills:
 + Level 4.0 Fighting
 + Level 3.6 Long Blades
 + Level 3.8 Dodging
 + Level 1.0 Stealth


You had 3 spell levels left.
You didn't know any spells.

Dungeon Overview and Level Annotations

Branches:
Dungeon (4/15)
 Temple: D:4-7

Altars:
Elyvilon
Sif Muna


Innate Abilities, Weirdness & Mutations

Your plain brown scales are hard (AC +5).
Your body does not fit into most forms of armour.
You are cold-blooded and may be slowed by cold attacks.


Message History

The worker ant waves its antennae.
The ogre hits you with a giant club!
You hit the ogre. You tail-slap the ogre.
The ogre is moderately wounded.
The ogre hits you with a giant club!
* * * LOW HITPOINT WARNING * * *
The ogre completely misses you.
You barely miss the ogre.
The ogre is moderately wounded.
The ogre misses you.
You barely miss the ogre.
The ogre is moderately wounded.
The ogre barely misses you.
You hit the ogre but do no damage.
The ogre is moderately wounded.
The ogre closely misses you.
It was a potion of curing.
You feel better. The ogre hits you with a giant club!!
Ouch! That really hurt!
You die...

..# #.. ###+### ..# #.#
#...... ..#####.###
....... ...........
#......########.........##
#......aO@......# #......
#......###..[..#####......
#...... #................
#...a.. #...........<##..
####### ######.......##..
#.......#...
#...........#...
#....#####....## #......
.....#


You could see an ogre and a worker ant.

Vanquished Creatures
  2 adders
  3 oozes
  3 worms (D:2)
  2 dart slugs (D:1)
  6 giant geckos
  5 bats
  4 giant cockroaches
  3 goblins
  7 hobgoblins
  3 jackals (D:3)
  7 kobolds
  2 ball pythons (D:1)
  A giant gecko skeleton (D:4)
  A giant newt (D:2)
  9 rats
58 creatures vanquished.

Notes
Turn   | Place    | Note
--------------------------------------------------------------
     0 | D:1      | ShiverMeTomatoes the Draconian Berserker began the quest for the Orb.
     0 | D:1      | Reached XP level 1. HP: 19/19 MP: 1/1
   178 | D:1      | Reached XP level 2. HP: 24/26 MP: 2/2
   940 | D:2      | Found a white marble altar of Elyvilon.
  1051 | D:2      | Reached XP level 3. HP: 26/33 MP: 3/3
  1087 | D:2      | Reached ** piety under Trog
  1549 | D:2      | Found a deep blue altar of Sif Muna.
  1647 | D:2      | Reached XP level 4. HP: 32/40 MP: 4/4
  1830 | D:3      | Reached skill level 4 in Fighting
  2459 | D:4      | Reached *** piety under Trog
  2459 | D:4      | Reached skill level 1 in Stealth
  2575 | D:4      | Noticed an ogre
  2584 | D:4      | Slain by an ogre

Skill      XL: |  1  2  3  4 |
---------------+-------------+-----
Dodging        | 3 |  3.8
Fighting       | 4 |  4.0
Stealth        | 1 |  1.0
Long Blades    | |  3.6

Action                   |  1- 3 |  4- 6 || total
-------------------------+-------+-------++-------
Melee: Falchion          |   122 |       ||   122
       Tailslap          |    17 |     8 ||    25
       Mace              |    14 |    42 ||    56
       Broad axe         |       |     7 ||     7
  Use: Scroll            |       |     1 ||     1
       Potion            |       |     1 ||     1
  Eat: Bread ration      |     1 |       ||     1
       Fruit             |     1 |       ||     1
Armor: Skin              |    53 |    22 ||    75
Dodge: Dodged            |   117 |    35 ||   152
